Match 42897161
Unlisted

Match 42897161
End
Construct Weapon Support Center
Selects Armored Battlegroup
Selects Assault Engineers
Assault Engineer Squad
Construct Weapon Support Center
M1919 Machine Gun Team
Assault Engineer Squad
Bazooka Squad
Bazooka Squad
Improved M9 Bazooka Rockets
Air Support Center
Grasshopper Recon Run
P-47 Strafing Run
M3 Armored Personnel Carrier
M3 Armored Personnel Carrier
Grasshopper Recon Run
P-47 Dive Bomb
M3 Armored Personnel Carrier
Grasshopper Recon Run
Grasshopper Recon Run
P-47 Strafing Run
Selects Strength in Steel
M3 Armored Personnel Carrier
Grasshopper Recon Run
Construct Tank Depot
P-47 Strafing Run
Grasshopper Recon Run
P-47 Strafing Run
Selects Seek and Destroy
Selects UNKNOWN (2160077)
M4A3E8 Sherman Easy Eight
M4A3E8 Sherman Easy Eight
P-47 Dive Bomb
Grasshopper Recon Run
P-47 Strafing Run
M4A3E8 Sherman Easy Eight
P-47 Dive Bomb
P-47 Strafing Run
P-47 Dive Bomb
Grasshopper Recon Run
M4A3E8 Sherman Easy Eight
P-47 Strafing Run
Petranodon
Bismarck
Manganu
Ozrealix
那晚她才16
甜菜的小老弟
辣椒炒草莓
Googlewhat
0
0

Comments sign in to comment!

No comments posted yet!